Map: Thunderbird LE

Players

Guitarcheese

  • Race: Terran Terran
  • League: Master
  • Spawn Location: 11:00

Yoda - Winner!

  • Race: Terran Terran
  • League: Grandmaster
  • Spawn Location: 5:00

VOD

Have the link to the VOD?

Description

Time

  • Played on: June 12, 2019, 5 p.m.
  • Length: 23:13
Show
View Real Time Build Order
Export as new Build Order

Guitarcheese Terran 

Build Orders: Reaper Expand 

Get SALT Encoding   

  12  0:01  SCV  
  13  0:14  SCV  
  14  0:19  Supply Depot  
  14  0:26  SCV  
  15  0:40  SCV  
  15  0:42  Barracks  
  16  0:47  Refinery  
  16  0:53  SCV  
  17  1:05  SCV  
  17  1:09  Refinery  
  18  1:17  SCV  
  19  1:29  Orbital Command  
  19  1:32  Reaper  
  20  1:48  Command Center  
  20  1:55  SCV  
  21  2:04  Reaper  
  21  2:07  SCV  
  23  2:12  Factory  
  23  2:15  Supply Depot  
  23  2:37  SCV  
  24  2:46  Reaper  
  24  2:49  SCV  
  26  2:56  Command Center  
  26  3:00  Hellion, Orbital Command  
  26  3:01  SCV  
  29  3:13  SCV  
  29  3:15  Starport  
  30  3:23  Barracks Reactor  
  30  3:25  SCV  
  31  3:28  Factory Tech Lab  
  31  3:30  SCV  
  32  3:35  Supply Depot  
  32  3:37  SCV  
  33  3:42  SCV  
  34  3:52  Siege Tank  
  37  3:56  Starport Tech Lab  
  37  3:58  SCV x2  
  37  3:59  Refinery  
  34  4:10  Marine x2, SCV  
  34  4:11  Orbital Command  
  34  4:13  SCV  
  38  4:18  Supply Depot  
  38  4:23  SCV  
  39  4:24  Siege Tank  
  39  4:25  SCV  
  39  4:28  Marine x2  
  45  4:35  SCV  
  45  4:38  SCV  
  45  4:43  Orbital Command  
  46  4:47  SCV  
  46  4:48  Raven  
  46  4:49  Marine x2  
  46  4:51  SCV  
  51  4:59  SCV  
  52  5:02  Refinery  
  52  5:03  Supply Depot  
  52  5:04  SCV, Siege Tank  
  52  5:06  Marine  
  52  5:07  Marine  
  56  5:09  SCV  
  56  5:11  SCV  
  60  5:16  SCV  
  60  5:21  SCV  
  62  5:23  SCV  
  62  5:25  Engineering Bay  
  62  5:27  Engineering Bay  
  62  5:28  SCV  
  66  5:33  SCV  
  65  5:37  Siege Tank  
  65  5:38  Barracks  
  65  5:40  Viking  
  65  5:41  Viking, Barracks x3  
  72  5:43  SCV  
  73  5:50  Stimpack  
  73  5:54  SCV x2  
  75  6:02  Marine  
  75  6:03  SCV  
  77  6:06  Terran Infantry Armor Level 1, Terran Infantry Weapons Level 1, SCV x2  
  77  6:07  Supply Depot x3  
  79  6:12  Viking  
  79  6:15  SCV  
  79  6:16  Viking  
  84  6:18  SCV  
  85  6:28  SCV x2  
  85  6:30  SCV, Supply Depot x2  
  85  6:32  Barracks Reactor x3  
  88  6:35  Barracks Reactor  
  88  6:40  SCV x2  
  88  6:41  Refinery  
  88  6:42  Refinery  
  88  6:43  SCV  
  88  6:44  Viking  
  93  6:48  Viking  
  93  6:52  Supply Depot  
  93  6:53  SCV x2  
  93  6:54  Supply Depot  
  97  7:01  Siege Tank  
  100  7:06  SCV  
  100  7:07  SCV  
  102  7:10  Marine  
  102  7:11  Marine x6  
  88  7:26  Marine x2  
  88  7:28  Marine x6  
  88  7:29  Medivac x2  
  99  7:33  Siege Tank  
  95  7:40  Marine  
  94  7:44  Marine x2  
  94  7:47  SCV x3  
  99  7:51  Combat Shield  
  99  7:56  Marine x5, Barracks  
  99  7:57  Marine, Barracks  
  99  7:58  Marine, Barracks  
  105  7:59  Medivac x2  
  105  8:02  Marine x2  
  106  8:14  Marine  
  106  8:15  Marine x5  
  106  8:16  Marine  
  106  8:19  Marine  
  108  8:20  Marine  
  108  8:21  Armory  
  110  8:29  Command Center  
  110  8:30  Siege Tank, Medivac  
  110  8:31  Medivac  
  117  8:38  Marine x8  
  117  8:39  Marine  
  126  8:49  Barracks Tech Lab x3  
  124  9:03  Marine x6  
  124  9:04  Marine x3  
  124  9:05  Siege Tank  
  124  9:08  Medivac x2  
  122  9:29  Marauder x4, Marine x5  
  122  9:30  Marine x3  
  129  9:31  Terran Infantry Weapons Level 2  
  129  9:32  Concussive Shells  
  129  9:37  Siege Tank  
  129  9:38  Medivac x2  
  136  9:42  Terran Infantry Armor Level 2  
  136  9:47  Marine  
  137  9:55  Marauder x4, Marine x5  
  137  9:56  Marine x2  
  137  9:58  Supply Depot  
  152  10:02  Supply Depot  
  152  10:05  Marine  
  153  10:22  Marauder x2, Marine  
  153  10:23  Marauder x2, Marine x6  
  153  10:24  Marine  
  153  10:27  Medivac  
  170  10:28  Medivac  
  157  10:51  Marauder x3  
  157  10:53  Marine  
  157  10:54  Marine x6  
  170  10:57  Medivac  
  170  10:58  Medivac  
  148  11:12  Marauder x2, Marine  
  148  11:13  Marauder x2, Marine x3  
  137  11:19  Siege Tank  
  137  11:27  Medivac  
  137  11:28  Medivac  
  137  11:30  Planetary Fortress  
  137  11:31  SCV x3  
  144  11:37  Command Center  
  144  11:43  SCV x3  
  144  11:44  Marauder  
  144  11:45  Marauder x3, Marine x6  
  144  11:46  Marine x2  
  163  11:55  Siege Tank  
  163  11:57  Medivac  
  163  11:58  Medivac  
  168  12:03  Marine x4  
  170  12:09  Marauder  
  170  12:10  Marauder x3  
  170  12:11  Marine x4  
  161  12:21  Marine x4  
  157  12:27  Medivac  
  157  12:28  Medivac  
  157  12:29  Marine x4  
  165  12:31  Marauder x4  
  167  12:39  Marine x4  
  158  12:47  Marine x4  
  158  12:52  Marauder x3  
  158  12:53  Marauder, Planetary Fortress  
  166  13:03  Marine x4  
  166  13:04  Marine  
  166  13:05  Marine x3  
  145  13:14  Marauder x4  
  145  13:16  Barracks  
  145  13:17  Barracks  
  145  13:19  Barracks x2  
  153  13:21  Marine  
  154  13:29  Marine x7  
  161  13:35  Marauder x4  
  161  13:39  Marine  
  166  13:41  SCV  
  166  13:42  SCV x4  
  171  13:53  SCV  
  171  13:54  Siege Tank  
  175  13:56  Marauder x2  
  175  13:57  Marauder x2  
  175  13:59  Marine  
  175  14:00  Marine x7  
  173  14:16  Barracks Tech Lab x4  
  166  14:17  Marine x9, Medivac x2  
  166  14:18  Marine x3  
  180  14:28  Terran Infantry Armor Level 3, Terran Infantry Weapons Level 3  
  176  14:35  Marine  
  176  14:36  Marauder x2  
  180  14:41  Marauder x5, Marine  
  180  14:42  Marine x4  
  195  14:46  Marine x3  
  162  14:53  Marauder  
  162  14:57  Marauder, Marine  
  162  14:59  Marine x5  
  129  15:02  Marauder x4  
  129  15:03  Marauder, Starport  
  129  15:04  Marine x3  
  146  15:15  Marauder x2  
  146  15:17  Marine x5  
  155  15:22  Marauder  
  155  15:23  Marauder x2  
  155  15:24  Marauder x3  
  142  15:35  Medivac x2  
  142  15:38  Marauder x2  
  142  15:39  Marine x2  
  142  15:40  Command Center  
  142  15:41  Marine x2  
  152  15:43  Marauder  
  152  15:45  Marauder x3  
  152  15:48  Marine x6  
  166  15:56  Marine  
  166  16:01  Starport Reactor, Command Center  
  167  16:05  Medivac  
  167  16:07  Medivac  
  167  16:09  Marauder x3  
  167  16:10  Marauder  
  179  16:13  Marauder  
  181  16:21  Marauder x2  
  181  16:22  Marauder  
  181  16:23  Marine x4  
  181  16:24  Marine  
  189  16:35  Marauder, Medivac  
  189  16:36  Marauder x2  
  189  16:37  SCV x5  
  199  16:57  Marine  
  200  17:01  Planetary Fortress  
  190  17:29  Marauder x5, Marine x7  
  140  17:30  Marine x4  
  112  17:44  Medivac x2  
  112  17:47  Marine x9  
  112  17:48  Marauder x2  
  112  17:50  Marauder x3, Marine x2  
  112  17:59  Orbital Command  
  112  18:04  Medivac x2  
  112  18:05  Marine x9  
  121  18:08  Marine x2  
  121  18:09  Marauder, Marine  
  121  18:11  Marauder  
  121  18:12  Marauder x2  
  136  18:14  Medivac  
  136  18:16  SCV x6  
  144  18:22  Marine  
  144  18:23  Marine  
  146  18:28  Marauder, SCV x2  
  146  18:29  Marauder x3, Marine x2  
  146  18:31  Marauder, Marine x2  
  146  18:32  Marine  
  163  18:47  Medivac x2  
  163  18:48  Medivac x2  
  169  18:50  Marauder x4  
  179  19:00  Marauder x2, Marine  
  184  19:03  Marine x9  
  191  19:11  Marine x2  
  191  19:15  Marauder x2  
  194  19:21  Marauder x2  
  198  19:30  Orbital Command  
  198  19:35  Marauder  
  198  19:59  Marauder x4, Marine x3  
  119  20:00  Marine x9  
  119  20:01  Medivac  
  119  20:02  Medivac x3  
  130  20:14  Refinery  
  130  20:15  Refinery  
  130  20:17  Marine x9  
  130  20:18  Marauder x2, Marine, Refinery x2  
  130  20:20  Marauder x3  
  150  20:30  Marauder  
  150  20:31  Medivac  
  150  20:35  Marine x7  
  155  20:36  Marauder x2  
  155  20:39  Marauder  
  155  20:40  Marauder  
  155  20:41  Marauder x2  
  172  20:44  Marauder, Marine  
  169  20:51  Marauder  
  169  20:53  Marine x5, Missile Turret  
  169  20:56  Marine  
  166  20:57  Marauder x2  
  166  20:59  Marine  
  166  21:01  Marauder x2  
  166  21:02  Marine  
  166  21:03  Marauder x2  
  165  21:05  Marauder  
  165  21:10  Marine  
  168  21:13  SCV x5  
  168  21:14  SCV x2  
  166  21:25  SCV x3  
  166  21:26  SCV x4  
  168  21:43  SCV  
  168  21:44  SCV x6  
  168  21:52  Missile Turret  
  165  21:56  SCV x3  
  165  22:00  Marauder x2  
  165  22:01  Marauder x3  
  172  22:05  Marine  
  172  22:06  Marine x3  
  167  22:20  Marauder x3  
  167  22:21  Marine  
  167  22:22  Marauder x2  
  147  22:37  Medivac x3  
  147  22:40  Marauder x2, Marine x7  
Show
View Real Time Build Order
Export as new Build Order

Yoda Terran - Winner!

Build Orders: Gas First Reaper Expand, Mech 

Get SALT Encoding   

  12  0:01  SCV  
  13  0:13  SCV  
  14  0:18  Supply Depot  
  14  0:25  SCV  
  14  0:27  Refinery  
  15  0:39  SCV  
  16  0:49  Barracks  
  16  0:52  SCV  
  18  1:04  SCV  
  18  1:17  SCV  
  19  1:36  Orbital Command, Reaper  
  20  1:45  Command Center  
  20  1:57  Factory  
  20  2:02  SCV  
  20  2:06  Refinery  
  21  2:11  Barracks Reactor  
  21  2:17  Supply Depot  
  21  2:20  SCV  
  22  2:32  SCV  
  23  2:44  SCV, Starport  
  24  2:55  Hellion  
  24  2:57  SCV  
  24  2:58  Orbital Command  
  27  3:02  Barracks Tech Lab  
  27  3:09  SCV  
  28  3:14  Hellion  
  28  3:17  Hellion  
  32  3:21  SCV  
  32  3:25  SCV  
  34  3:28  Raven  
  34  3:32  Supply Depot  
  34  3:33  SCV  
  37  3:36  Hellion  
  37  3:38  SCV  
  40  3:42  Hellion  
  40  3:45  SCV  
  43  3:50  SCV  
  44  3:57  SCV  
  44  3:59  Supply Depot  
  44  4:02  SCV  
  48  4:09  SCV  
  46  4:15  SCV  
  45  4:19  Refinery  
  45  4:20  Siege Tank, Refinery, Viking x2  
  45  4:23  Supply Depot  
  45  4:24  SCV  
  53  4:27  SCV  
  54  4:36  SCV  
  49  4:42  Command Center  
  49  4:44  SCV  
  48  4:50  Viking  
  50  4:54  Viking  
  50  4:58  SCV x2  
  54  5:04  Siege Tank  
  57  5:10  SCV x2  
  57  5:11  Barracks Reactor  
  57  5:13  Factory  
  59  5:21  Viking  
  61  5:22  SCV  
  61  5:23  SCV  
  61  5:27  Viking  
  65  5:35  SCV x2  
  67  5:36  Siege Tank  
  70  5:48  Supply Depot  
  70  5:49  Supply Depot  
  70  5:53  SCV x2  
  70  5:54  Refinery  
  70  5:55  Factory  
  70  5:56  Refinery, Orbital Command  
  72  5:57  Barracks Tech Lab  
  72  5:59  Viking  
  72  6:03  Viking  
  76  6:05  SCV  
  76  6:06  SCV  
  76  6:11  Siege Tank  
  81  6:13  Supply Depot  
  81  6:19  Hellion x2  
  81  6:22  SCV  
  81  6:24  SCV x2  
  88  6:29  Viking  
  90  6:33  Viking  
  90  6:34  SCV  
  90  6:36  SCV  
  94  6:45  SCV, Command Center  
  95  6:48  Supply Depot  
  95  6:51  Supply Depot  
  95  6:52  Supply Depot  
  95  6:54  Siege Tank  
  95  6:56  SCV  
  99  7:06  Siege Tank  
  102  7:09  SCV  
  103  7:18  SCV  
  93  7:23  Hellion x2  
  93  7:26  Siege Tank  
  92  7:31  SCV  
  92  7:33  Factory  
  92  7:34  Factory  
  92  7:36  Supply Depot  
  87  7:38  Siege Tank, Supply Depot  
  87  7:40  SCV x2  
  90  7:45  Hellion, Infernal Pre-Igniter  
  90  7:46  Hellion  
  90  7:48  SCV  
  95  7:51  Viking  
  95  7:55  Viking  
  95  7:57  SCV x2  
  101  7:59  Siege Tank  
  104  8:05  Armory  
  104  8:06  Armory  
  98  8:17  Siege Tank  
  98  8:18  Hellion x2  
  98  8:19  Factory Tech Lab  
  93  8:20  Factory Reactor  
  93  8:27  SCV x2  
  93  8:28  SCV x2, Engineering Bay  
  93  8:31  Siege Tank  
  100  8:38  Viking x2  
  104  8:44  SCV x2  
  104  8:45  SCV  
  104  8:46  SCV  
  104  8:50  Hellion x2, Siege Tank x2  
  114  8:56  SCV  
  114  9:00  Hellion x2  
  111  9:03  Siege Tank  
  104  9:11  SCV x3  
  104  9:12  Hellion x2  
  108  9:21  Hellion  
  108  9:22  Hellion, Siege Tank x2  
  108  9:23  SCV x2  
  108  9:28  SCV  
  101  9:33  Hellion x2  
  101  9:35  SCV, Siege Tank  
  101  9:36  SCV  
  110  9:40  SCV  
  110  9:43  Hellion, Terran Vehicle Weapons Level 1, Terran Vehicle And Ship Armor Level 1  
  113  9:47  SCV  
  113  9:48  SCV, Planetary Fortress  
  113  9:51  Refinery  
  113  9:52  SCV  
  116  9:53  Refinery  
  116  9:54  Siege Tank x2  
  116  9:59  SCV  
  123  10:00  SCV  
  123  10:04  SCV  
  127  10:07  Hellion, Siege Tank  
  127  10:08  Smart Servos  
  127  10:11  SCV  
  127  10:12  SCV  
  127  10:13  Supply Depot  
  132  10:17  SCV  
  131  10:22  Supply Depot  
  131  10:24  SCV x2  
  131  10:26  Siege Tank  
  131  10:27  Hellion, Siege Tank  
  139  10:29  SCV  
  136  10:35  SCV  
  136  10:36  SCV x2  
  136  10:39  Siege Tank  
  122  10:50  Hellion x2  
  122  10:54  Hellion  
  122  10:55  SCV x2  
  130  10:58  Siege Tank  
  130  10:59  Siege Tank  
  134  11:09  Hellion  
  121  11:11  Siege Tank  
  121  11:12  Hellion  
  121  11:15  Hellion  
  119  11:32  Sensor Tower, SCV x2  
  127  11:38  Sensor Tower  
  127  11:40  Hellion  
  127  11:45  Terran Vehicle Weapons Level 2, Terran Vehicle And Ship Armor Level 2  
  123  11:51  SCV x4  
  123  11:53  Siege Tank  
  130  12:00  Siege Tank  
  130  12:01  Hellion, Siege Tank  
  135  12:04  Hellion  
  135  12:06  Hellion  
  138  12:10  Viking  
  138  12:14  Viking  
  129  12:25  Siege Tank  
  129  12:27  Sensor Tower  
  129  12:28  SCV x3  
  131  12:45  Hellion  
  131  12:47  Siege Tank  
  131  12:48  Hellion x2, Command Center  
  131  12:51  Siege Tank  
  131  13:04  Hellion, Siege Tank  
  114  13:06  Hellion  
  114  13:09  Hellion  
  118  13:17  Viking  
  118  13:18  Viking  
  118  13:19  Siege Tank  
  125  13:29  Hellion, Missile Turret, Siege Tank  
  125  13:30  Missile Turret  
  125  13:31  Missile Turret  
  125  13:32  Neosteel Armor  
  130  13:36  Siege Tank  
  133  13:44  Hellion x2  
  137  13:49  Viking  
  137  13:51  Siege Tank  
  142  14:01  Hellion x2, Siege Tank  
  147  14:06  Hellion  
  147  14:08  Siege Tank  
  142  14:24  Siege Tank  
  141  14:25  Hellion  
  141  14:26  Hellion  
  144  14:32  SCV x2  
  144  14:33  Siege Tank  
  149  14:40  Siege Tank  
  146  14:55  Hellion x2  
  146  14:56  Siege Tank  
  146  15:02  SCV x4  
  146  15:05  Siege Tank  
  153  15:12  Hi-Sec Auto Tracking, Missile Turret  
  153  15:13  Siege Tank  
  153  15:14  SCV, Terran Vehicle And Ship Armor Level 3  
  157  15:15  Terran Vehicle Weapons Level 3  
  157  15:17  SCV x2  
  159  15:22  Planetary Fortress  
  159  15:28  Viking  
  147  15:39  Viking  
  149  15:45  Starport x2  
  149  15:48  Sensor Tower  
  149  15:53  Siege Tank  
  149  15:54  Hellion, Siege Tank  
  157  15:57  Refinery  
  157  15:58  Refinery, Viking  
  159  16:04  Siege Tank  
  159  16:09  Viking  
  162  16:25  Siege Tank  
  162  16:28  Viking  
  162  16:29  Starport Reactor x2  
  163  16:37  Factory x2  
  163  16:39  Viking  
  161  16:42  Siege Tank x2  
  161  16:47  Sensor Tower  
  161  16:58  Siege Tank, Viking  
  161  17:01  Missile Turret  
  166  17:02  Missile Turret x2  
  166  17:04  Missile Turret  
  166  17:06  Missile Turret  
  166  17:09  Viking  
  166  17:14  Siege Tank x2, Viking x3  
  148  17:31  Siege Tank  
  127  17:46  Hellion, Siege Tank x2  
  127  17:47  Orbital Command  
  126  18:03  Siege Tank  
  129  18:09  Factory Tech Lab x2  
  129  18:17  Command Center  
  129  18:18  Siege Tank x2  
  135  18:24  Sensor Tower  
  135  18:29  Hellion x2, Siege Tank x2  
  135  18:30  Hellion  
  147  18:35  Siege Tank  
  152  18:45  Liberator x4  
  152  18:48  Liberator  
  154  18:50  Terran Ship Weapons Level 1  
  156  18:56  Hellion x2, Siege Tank  
  156  19:00  Liberator  
  172  19:19  Command Center  
  175  19:30  Liberator  
  175  19:35  SCV x4  
  175  19:36  SCV  
  180  19:41  Hellion x2, Siege Tank x3  
  193  19:50  Sensor Tower  
  193  19:52  Hellion, Siege Tank  
  192  19:54  Hellion  
  192  19:56  Hellion  
  165  20:03  Hellion x2  
  169  20:13  Siege Tank  
  169  20:14  Hellion x2  
  176  20:19  SCV x3  
  176  20:20  SCV x2  
  181  20:30  Siege Tank  
  181  20:31  Hellion, SCV, Siege Tank  
  181  20:35  Planetary Fortress  
  190  20:44  Siege Tank  
  190  20:45  Hellion x2  
  197  20:56  Siege Tank  
  194  21:04  Hellion, Siege Tank  
  196  21:12  Siege Tank  
  196  21:18  Siege Tank x2  
  196  21:29  Siege Tank  
  196  21:33  Refinery x2  
  196  21:39  Sensor Tower  
  196  21:47  Siege Tank  
  196  21:49  Planetary Fortress  
  196  21:52  Missile Turret  
  196  21:53  Missile Turret  
  196  21:54  Missile Turret  
  196  21:59  Command Center  
  196  22:02  Viking x3  
  199  22:12  Command Center  
  192  22:22  Siege Tank x3  
  197  22:23  Unknown x2  
  197  22:28  Siege Tank  
Tags
 
Add a new tag
Caveats
  • Supply blocks, unpowered buildings, or Contaminate may cause inaccurate times.
  • Supply counts are checked every 10 seconds.